| TOP OF THE 1ST |
|
Atlanta Braves batting - Pitching for Washington Nationals : LHP Joe Hincks
|
|
Pitching: LHP Joe Hincks
|
|
|
Batting: RHB Itsuo Egami
|
0-0: Ball 1-0: Ball 2-0: Called Strike 2-1: Ball 3-1: Ground out 6-3 (Groundball, 6, EV 111.9 MPH)
|
|
Batting: LHB Seth Cook
|
0-0: Foul Ball, location: 2F 0-1: Foul Ball, location: 2F 0-2: Ball 1-2: SINGLE (Groundball, 34D, EV 100.0 MPH)
|
|
Batting: RHB Butch Kaiser
|
0-0: Grounds into double play, 5-4-3 (Groundball, 15, EV 78.8 MPH)
|
| Top of the 1st over - 0 runs, 1 hit, 0 errors, 0 left on base; Atlanta 0 - Washington 0 |
| BOTTOM OF THE 1ST |
|
Washington Nationals batting - Pitching for Atlanta Braves : LHP Danny Lawson
|
|
Pitching: LHP Danny Lawson
|
|
|
Batting: RHB C.J. Beavers
|
0-0: Ground out 6-3 (Groundball, 6, EV 103.8 MPH)
|
|
Batting: LHB R.J. O'Brien
|
0-0: Called Strike 0-1: Swinging Strike 0-2: Strikes out swinging
|
|
Batting: RHB John Sanders
|
0-0: Foul Ball, location: 2F 0-1: Swinging Strike 0-2: Foul Ball, location: 2F 0-2: Ball 1-2: Ball 2-2: Strikes out swinging
|
| Bottom of the 1st over - 0 runs, 0 hits, 0 errors, 0 left on base; Atlanta 0 - Washington 0 |
| TOP OF THE 2ND |
|
Atlanta Braves batting - Pitching for Washington Nationals : LHP Joe Hincks
|
|
Batting: LHB Davey Schonewille
|
0-0: Ball 1-0: Ground out 1-3 (Groundball, 13S, EV 69.4 MPH)
|
|
Batting: LHB Tom Best
|
0-0: Called Strike 0-1: Swinging Strike 0-2: Strikes out swinging, 2-3 out at first.
|
|
Batting: RHB John Creel
|
0-0: Ball 1-0: Ground out 1-3 (Groundball, 25, EV 73.1 MPH)
|
| Top of the 2nd over - 0 runs, 0 hits, 0 errors, 0 left on base; Atlanta 0 - Washington 0 |
| BOTTOM OF THE 2ND |
|
Washington Nationals batting - Pitching for Atlanta Braves : LHP Danny Lawson
|
|
Batting: RHB Tommy Baird
|
0-0: Ball 1-0: SINGLE (Groundball, 34D, EV 95.6 MPH)
|
|
Batting: LHB Armando Carbajal
|
0-0: Called Strike 0-1: DOUBLE (Flyball, 8LXD, EV 90.6 MPH) Tommy Baird to third Runner from 3rd tries for Home, throw by CF and OUT! 8-4-2
|
|
Batting: RHB Mike Blair
|
0-0: Ground out 6-3 (Groundball, 6, EV 87.5 MPH)
|
|
Batting: RHB Masashi Yukizawa
|
0-0: Ball 1-0: Called Strike 1-1: Foul Ball, location: 2F 1-2: Foul Ball, location: 2F 1-2: Strikes out swinging
|
| Bottom of the 2nd over - 0 runs, 2 hits, 0 errors, 1 left on base; Atlanta 0 - Washington 0 |
| TOP OF THE 3RD |
|
Atlanta Braves batting - Pitching for Washington Nationals : LHP Joe Hincks
|
|
Batting: RHB Jesse Lester
|
0-0: Ball 1-0: Foul Ball, location: 2F 1-1: Called Strike 1-2: Fly out, F8 (Flyball, 8RM, EV 94.4 MPH)
|
|
Batting: LHB Otte Klijnsma
|
0-0: Ground out 6-3 (Groundball, 6, EV 88.1 MPH)
|
|
Batting: RHB Zach Thomason
|
0-0: Ball 1-0: Ball 2-0: Called Strike 2-1: Ground out 1-3 (Groundball, 15S, EV 66.3 MPH)
|
| Top of the 3rd over - 0 runs, 0 hits, 0 errors, 0 left on base; Atlanta 0 - Washington 0 |
| BOTTOM OF THE 3RD |
|
Washington Nationals batting - Pitching for Atlanta Braves : LHP Danny Lawson
|
|
Batting: SHB Andrew Wray II
|
0-0: Ball 1-0: Ball 2-0: Swinging Strike 2-1: SINGLE (Groundball, 4MD, EV 101.9 MPH)
|
|
Batting: RHB Ryan Short
|
0-0: Foul Ball, location: 2F 0-1: Ball 1-1: Foul Ball, location: 2F 1-2: Foul Ball, location: 2F 1-2: Fly out, F5 (Line Drive, 5, EV 70.6 MPH)
|
|
Batting: RHB C.J. Beavers
|
0-0: Ball 1-0: Called Strike 1-1: Grounds into double play, 5-4-3 (Groundball, 15, EV 75.6 MPH)
|
| Bottom of the 3rd over - 0 runs, 1 hit, 0 errors, 0 left on base; Atlanta 0 - Washington 0 |
| TOP OF THE 4TH |
|
Atlanta Braves batting - Pitching for Washington Nationals : LHP Joe Hincks
|
|
Batting: RHB Itsuo Egami
|
0-0: Called Strike 0-1: Ground out 5-3 (Groundball, 5, EV 94.4 MPH)
|
|
Batting: LHB Seth Cook
|
0-0: Ball 1-0: Foul Ball, location: 2F 1-1: Foul Ball, location: 2F 1-2: Fly out, F6 (Line Drive, 6, EV 70.6 MPH)
|
|
Batting: RHB Butch Kaiser
|
0-0: Foul Ball, location: 2F 0-1: Fly out, F8 (Flyball, 89XD, EV 108.1 MPH)
|
| Top of the 4th over - 0 runs, 0 hits, 0 errors, 0 left on base; Atlanta 0 - Washington 0 |
| BOTTOM OF THE 4TH |
|
Washington Nationals batting - Pitching for Atlanta Braves : LHP Danny Lawson
|
|
Batting: LHB R.J. O'Brien
|
0-0: Ball 1-0: Fly out, F7 (Flyball, 7LM, EV 87.5 MPH)
|
|
Batting: RHB John Sanders
|
0-0: Ground out 5-3 (Groundball, 56, EV 108.8 MPH)
|
|
Batting: RHB Tommy Baird
|
0-0: Called Strike 0-1: Ball 1-1: Ball 2-1: Fly out, F9 (Flyball, 9S, EV 71.9 MPH)
|
| Bottom of the 4th over - 0 runs, 0 hits, 0 errors, 0 left on base; Atlanta 0 - Washington 0 |
| TOP OF THE 5TH |
|
Atlanta Braves batting - Pitching for Washington Nationals : LHP Joe Hincks
|
|
Pitching: RHP Manuel Romero
|
|
|
Batting: LHB Davey Schonewille
|
0-0: Ground out 6-3 (Groundball, 4M, EV 109.4 MPH)
|
|
Batting: LHB Tom Best
|
0-0: Ball 1-0: Ball 2-0: Ball 3-0: DOUBLE (Line Drive, 89D, EV 108.1 MPH)
|
|
Batting: RHB John Creel
|
0-0: Called Strike 0-1: Foul Ball, location: 2F 0-2: Foul Ball, location: 2F 0-2: Ball 1-2: Foul Ball, location: 2F 1-2: Strikes out swinging
|
|
Batting: RHB Jesse Lester
|
0-0: Swinging Strike 0-1: Ball 1-1: Called Strike 1-2: Strikes out swinging
|
| Top of the 5th over - 0 runs, 1 hit, 0 errors, 1 left on base; Atlanta 0 - Washington 0 |
| BOTTOM OF THE 5TH |
|
Washington Nationals batting - Pitching for Atlanta Braves : LHP Danny Lawson
|
|
Pitching: LHP Micah Basinger
|
|
|
Pinch Hitting: RHB Jared Speck
|
0-0: Called Strike 0-1: Called Strike 0-2: Strikes out swinging
|
|
Batting: RHB Mike Blair
|
0-0: Ball 1-0: Ball 2-0: Called Strike 2-1: Ball 3-1: Foul Ball, location: 2F 3-2: Foul Ball, location: 2F 3-2: Strikes out swinging
|
|
Batting: RHB Masashi Yukizawa
|
0-0: Called Strike 0-1: Called Strike 0-2: Fly out, F6 (Line Drive, 6, EV 65.0 MPH)
|
| Bottom of the 5th over - 0 runs, 0 hits, 0 errors, 0 left on base; Atlanta 0 - Washington 0 |
| TOP OF THE 6TH |
|
Atlanta Braves batting - Pitching for Washington Nationals : RHP Manuel Romero
|
|
Now at 1B: Junzo Kato
|
|
|
Batting: LHB Otte Klijnsma
|
0-0: Foul Ball, location: 2F 0-1: Fly out, F3 (Line Drive, 3, EV 69.4 MPH)
|
|
Batting: RHB Zach Thomason
|
0-0: Foul Ball, location: 2F 0-1: Ball 1-1: Swinging Strike 1-2: Ball 2-2: Strikes out looking
|
|
Batting: RHB Itsuo Egami
|
0-0: Ball 1-0: Ball 2-0: Ball 3-0: Foul Ball, location: 2F 3-1: Called Strike 3-2: Ground out U3 (Groundball, 34S, EV 71.3 MPH)
|
| Top of the 6th over - 0 runs, 0 hits, 0 errors, 0 left on base; Atlanta 0 - Washington 0 |
| BOTTOM OF THE 6TH |
|
Washington Nationals batting - Pitching for Atlanta Braves : LHP Micah Basinger
|
|
Batting: SHB Andrew Wray II
|
0-0: Ball 1-0: Foul Ball, location: 2F 1-1: Ground out U3 (Groundball, 34, EV 83.8 MPH)
|
|
Batting: RHB Ryan Short
|
0-0: Ball 1-0: Swinging Strike 1-1: Ball 2-1: Foul Ball, location: 2F 2-2: Ground out 1-3 (Groundball, 13, EV 70.0 MPH)
|
|
Batting: RHB C.J. Beavers
|
0-0: Ball 1-0: Fly out, F8 (Flyball, 8LS, EV 86.3 MPH)
|
| Bottom of the 6th over - 0 runs, 0 hits, 0 errors, 0 left on base; Atlanta 0 - Washington 0 |
| TOP OF THE 7TH |
|
Atlanta Braves batting - Pitching for Washington Nationals : RHP Manuel Romero
|
|
Pitching: LHP Brian Walters
|
|
|
Batting: LHB Seth Cook
|
0-0: Ball 1-0: Called Strike 1-1: Fly out, F7 (Flyball, 78XD, EV 97.5 MPH)
|
|
Batting: RHB Butch Kaiser
|
0-0: Foul Ball, location: 2F 0-1: Swinging Strike 0-2: Ball 1-2: Foul Ball, location: 2F 1-2: Strikes out swinging
|
|
Batting: LHB Davey Schonewille
|
0-0: Called Strike 0-1: Foul Ball, location: 2F 0-2: Fly out, F9 (Flyball, 9D, EV 101.3 MPH)
|
| Top of the 7th over - 0 runs, 0 hits, 0 errors, 0 left on base; Atlanta 0 - Washington 0 |
| BOTTOM OF THE 7TH |
|
Washington Nationals batting - Pitching for Atlanta Braves : LHP Micah Basinger
|
|
Pitching: RHP Larry Stegall
|
|
|
Batting: LHB R.J. O'Brien
|
0-0: Swinging Strike 0-1: Ball 1-1: Called Strike 1-2: Ball 2-2: Ball 3-2: Base on Balls
|
|
Batting: RHB John Sanders
|
0-0: Ball 1-0: SINGLE (Groundball, 56D, EV 96.9 MPH) R.J. O'Brien to second
|
|
Batting: RHB Tommy Baird
|
0-0: Foul Ball, location: 2F 0-1: Foul Ball, location: 2F 0-2: Strikes out looking
|
|
Batting: SHB Junzo Kato
|
0-0: Swinging Strike 0-1: Called Strike 0-2: Foul Ball, location: 2F 0-2: Strikes out looking
|
|
Batting: RHB Mike Blair
|
0-0: Ball 1-0: Called Strike 1-1: Called Strike 1-2: SINGLE (Groundball, 6D, EV 108.8 MPH) R.J. O'Brien to third John Sanders to second Runner from 3rd tries for Home, SAFE, throw by LF to home
|
|
Batting: RHB Masashi Yukizawa
|
0-0: Ball 1-0: Called Strike 1-1: Foul Ball, location: 2F 1-2: Foul Ball, location: 2F 1-2: Foul Ball, location: 2F 1-2: Ball 2-2: Foul Ball, location: 2F 2-2: Foul Ball, location: 2F 2-2: SINGLE (Line Drive, 89M, EV 90.6 MPH) John Sanders to third Mike Blair to second Runner from 3rd tries for Home, throw by RF and OUT! 9-2
|
| Bottom of the 7th over - 1 run, 3 hits, 0 errors, 2 left on base; Atlanta 0 - Washington 1 |
| TOP OF THE 8TH |
|
Atlanta Braves batting - Pitching for Washington Nationals : LHP Brian Walters
|
|
Now in RF: Luis Ramos
|
|
|
Pinch Hitting: RHB Jeckel Hester
|
0-0: Foul Ball, location: 2F 0-1: Ball 1-1: SINGLE (Line Drive, 89S, EV 91.9 MPH)
|
|
Batting: RHB John Creel
|
0-0: Ball 1-0: Ball 2-0: Sac Bunt to 13S - play at first, batter safe! Jeckel Hester to second
|
|
Batting: RHB Jesse Lester
|
0-0: Ball 1-0: Called Strike 1-1: Ball 2-1: Foul Ball, location: 2F 2-2: Strikes out swinging
|
|
Pinch Hitting: RHB Jake Lang
|
0-0: Ball 1-0: Called Strike 1-1: Ball 2-1: Swinging Strike 2-2: Foul Ball, location: 2F 2-2: Foul Ball, location: 2F 2-2: Fly out, F8 (Flyball, 78XD, EV 93.8 MPH) Runner from 2nd tags up, SAFE at 3rd, no throw by CF
|
|
Batting: RHB Zach Thomason
|
0-0: Fielders Choice at 2nd, 6-4 (Groundball, 6, EV 81.3 MPH)
|
| Top of the 8th over - 0 runs, 2 hits, 0 errors, 2 left on base; Atlanta 0 - Washington 1 |
| BOTTOM OF THE 8TH |
|
Washington Nationals batting - Pitching for Atlanta Braves : RHP Larry Stegall
|
|
Pitching: RHP Adam Bonawitz
|
|
|
Now in LF: Colin Worthington
|
|
|
Now in CF: Davey Schonewille
|
|
|
Now in RF: Jake Lang
|
|
|
Batting: SHB Andrew Wray II
|
0-0: Called Strike 0-1: Ground out 3-1 (Groundball, 34, EV 106.9 MPH)
|
|
Batting: RHB Ryan Short
|
0-0: Ball 1-0: Ball 2-0: SINGLE (Line Drive, 5, EV 67.5 MPH) (infield hit)
|
|
Batting: RHB Dan Fallon
|
0-0: Ball Ryan Short steals 2nd base 1-0: Ball 2-0: Called Strike 2-1: Foul Ball, location: 2F 2-2: Ground out 5-3 (Groundball, 5S, EV 66.3 MPH) Ryan Short to third
|
|
Pinch Hitting: LHB Dillon Gonzalez
|
0-0: Ball 1-0: Fly out, F8 (Flyball, 78XD, EV 100.6 MPH)
|
| Bottom of the 8th over - 0 runs, 1 hit, 0 errors, 1 left on base; Atlanta 0 - Washington 1 |
| TOP OF THE 9TH |
|
Atlanta Braves batting - Pitching for Washington Nationals : LHP Brian Walters
|
|
Pitching: LHP Chris Baran
|
|
|
Now in LF: Andrew Wray II
|
|
|
Now in CF: Luis Ramos
|
|
|
Now in RF: Dillon Gonzalez
|
|
|
Batting: RHB Itsuo Egami
|
0-0: Called Strike 0-1: Swinging Strike 0-2: Strikes out swinging
|
|
Batting: LHB Seth Cook
|
0-0: Called Strike 0-1: Foul Ball, location: 2F 0-2: Foul Ball, location: 2F 0-2: Ball 1-2: Strikes out swinging
|
|
Batting: RHB Butch Kaiser
|
0-0: SINGLE (Groundball, 15S, EV 73.1 MPH) (infield hit)
|
|
Pinch Hitting: RHB Liangde Li
|
0-0: Ball Butch Kaiser is caught stealing 2nd base 2-4
|
| Top of the 9th over - 0 runs, 1 hit, 0 errors, 0 left on base; Atlanta 0 - Washington 1 |
|